 Dungeon Crawl Stone Soup version 0.23.2-1-ga50397a (webtiles) character file.

Game seed: 8238173718617877481

50249 schauveau the Bludgeoner (level 14, -7/94 HPs)
             Began as a Gargoyle Fighter on Apr 27, 2019.
             Was the Champion of Okawaru.
             Killed from afar by a starcursed mass (12 damage)
             ... with an accursed screaming
             ... while paralysed by accursed screaming
             ... on level 4 of the Abyss.
             The game lasted 00:51:06 (20785 turns).

schauveau the Bludgeoner (Gargoyle Fighter)        Turns: 20785, Time: 00:51:06

Health: -7/94      AC: 37    Str: 22    XL:     14   Next: 54%
Magic:  11/12      EV:  2    Int: 10    God:    Okawaru [******]
Gold:   989        SH:  0    Dex: 14    Spells: 13/13 levels left

rFire    . . .     SeeInvis .   a - +3 great mace (venom)
rCold    . . .     Gourm    .   (shield currently unavailable)
rNeg     + . .     Faith    +   d - +0 plate armour
rPois    ∞         Spirit   .   W - +2 hat {MR+}
rElec    +         Reflect  .   q - +1 cloak {+Inv}
rCorr    +         Harm     .   G - +2 pair of gloves {archery}
MR       ++...                  k - +1 pair of boots {run}
Stlth    ..........             t - amulet of faith
HPRegen  0.25/turn              T - +5 ring of dexterity
MPRegen  0.13/turn              Q - ring of resist corrosion

@: paralysed, quick
A: big wings, [low mp 1], negative energy resistance 1, electricity resistance,
[weak 1], unbreathing, petrification resistance, rot immunity, AC +10
a: Fly, Heroism, Finesse, Renounce Religion, Evoke Invisibility


You were on level 4 of the Abyss.
You worshipped Okawaru.
Okawaru was exalted by your worship.
You were not hungry.

You visited 3 branches of the dungeon, and saw 18 of its levels.
You visited the Abyss 2 times.

You collected 1139 gold pieces.
You spent 150 gold pieces at shops.

Inventory:

Hand Weapons
 a - a +3 great mace of venom (weapon)
 b - a +1 arbalest of freezing
 y - a +0 dire flail of crushing
 z - a +1 flail of protection
 R - a +0 blowgun
Missiles
 h - 99 bolts
 l - 6 tomahawks (quivered)
 r - 45 sling bullets
 A - 30 poisoned needles
 U - 7 javelins
Armour
 d - a +0 plate armour (worn)
 k - a +1 pair of boots of running (worn)
 q - a +1 cloak of invisibility (worn)
 s - the +2 ring mail of Quvoune {rPois rF- rC+++ SInv, unknown}
   (Okawaru gifted it to you on level 6 of the Lair of Beasts)

   It makes you vulnerable to fire.
   It renders you almost immune to cold.
   It protects you from poison.
   It lets you see invisible.
 G - a +2 pair of gloves of archery (worn)
 W - a +2 hat of magic resistance (worn)
Jewellery
 t - an amulet of faith (around neck)
 E - a +4 ring of intelligence
 Q - a ring of resist corrosion (right hand)
 T - a +5 ring of dexterity (left hand)
 Z - an uncursed ring of stealth
Wands
 i - a wand of flame (24)
 F - a wand of polymorph (18)
 M - a wand of acid (4)
 O - a wand of paralysis (27)
 P - a wand of enslavement (16)
 S - a wand of iceblast (12)
 X - a wand of disintegration (13)
Scrolls
 e - 2 scrolls of remove curse
 j - 10 scrolls of teleportation
 u - a scroll of magic mapping
 x - 2 scrolls of blinking
 H - a scroll of summoning
 K - 5 scrolls of amnesia
 L - a scroll of vulnerability
 N - 3 scrolls of identify
Potions
 c - a potion of brilliance
 g - 2 potions of might
 m - 2 potions of curing
 n - 3 potions of ambrosia
 o - 5 potions of magic
 w - 2 potions of resistance
 B - 3 potions of agility
 C - 2 potions of berserk rage
 D - a potion of heal wounds
 I - a potion of haste
 J - 3 potions of cancellation
Miscellaneous
 Y - a lightning rod (4/4)
Comestibles
 f - 32 rations


   Skills:
 + Level 13.0 Fighting
 * Level 16.9 Maces & Flails
 + Level 13.7 Armour
 - Level 2.4 Dodging
 - Level 2.1 Stealth
   Level 3.2 Shields
 - Level 0.1 Invocations


You had 13 spell levels left.
You didn't know any spells.
Your spell library contained the following spells:

 Spells                   Type           Power        Failure   Level  Hunger
 Confusing Touch          Hex            #.....       98%         1    ##.....
 Freeze                   Ice            #...         98%         1    ##.....
 Infusion                 Chrm           #...         98%         1    ##.....
 Shock                    Conj/Air       #...         98%         1    ##.....
 Summon Small Mammal      Summ           #...         98%         1    ##.....
 Call Imp                 Summ           #.......     99%         2    ###....
 Shroud of Golubria       Chrm/Tloc      #.........   99%         2    ###....
 Song of Slaying          Chrm           #.......     99%         2    ###....
 Swiftness                Chrm/Air       #.......     99%         2    ###....
 Throw Frost              Conj/Ice       #.....       99%         2    ###....
 Call Canine Familiar     Summ           #.......     100%        3    ####...
 Confuse                  Hex            #.......     100%        3    ####...
 Gell's Gravitas          Tloc           #.........   100%        3    ####...
 Ozocubu's Armour         Chrm/Ice       #.......     100%        3    ####...
 Recall                   Summ/Tloc      N/A          100%        3    ####...
 Regeneration             Chrm/Necr      #.........   100%        3    ####...
 Spectral Weapon          Hex/Chrm       #.......     100%        3    ####...
 Static Discharge         Conj/Air       #.......     100%        3    ####...
 Summon Guardian Golem    Hex/Summ       #.......     100%        3    ####...
 Airstrike                Air            #.........   100%        4    #####..
 Petrify                  Tmut/Erth      #.......     100%        4    #####..
 Summon Ice Beast         Ice/Summ       #.......     100%        4    #####..
 Summon Lightning Spire   Summ/Air       #.......     100%        4    #####..
 Throw Icicle             Conj/Ice       #.......     100%        4    #####..
 Aura of Abjuration       Summ           #.........   100%        5    ######.
 Bolt of Magma            Conj/Fire/Erth #.........   100%        5    ######.
 Iskenderun's Battlesphe  Conj/Chrm      #.......     100%        5    ######.
 Lightning Bolt           Conj/Air       #.........   100%        5    ######.
 Metabolic Englaciation   Hex/Ice        #.........   100%        5    ######.
 Summon Demon             Summ           #.........   100%        5    ######.
 Summon Forest            Summ/Tloc      #.........   100%        5    ######.
 Summon Mana Viper        Hex/Summ       #.......     100%        5    ######.
 Venom Bolt               Conj/Pois      #.........   100%        5    ######.
 Yara's Violent Unravell  Hex/Tmut       #.........   100%        5    ######.
 Iron Shot                Conj/Erth      #.........   100%        6    #######
 Shadow Creatures         Summ           N/A          100%        6    #######
 Orb of Destruction       Conj           #.........   100%        7    #######
 Spellforged Servitor     Conj/Summ      #.........   100%        7    #######


Dungeon Overview and Level Annotations

Branches:
Dungeon (11/15)            Temple (1/1) D:4            Lair (6/6) D:8
  Swamp (0/4) Lair:4        Snake (0/4) Lair:4        Slime (0/5) Lair:6
    Orc: D:9-12

Altars:
Ashenzari
Cheibriados
Dithmenos
Elyvilon
Fedhas
Gozag
Hepliaklqana
Kikubaaqudgha
Makhleb
Nemelex Xobeh
Okawaru
Qazlal
Ru
Sif Muna
Trog
Uskayaw
Vehumet
Wu Jian
Xom
Yredelemnul
Zin
The Shining One
Jiyva

Shops:
D:4 ?

Annotations:
D:8 3 runed translucent doors, exclusions: 3 doors and hydra, schauveau's ghost, novice MiMo
D:10 3 runed translucent doors, exclusion: 3 doors, Aske's ghost, journeyman GrGl
Lair:1 Sonja


Innate Abilities, Weirdness & Mutations

You are resistant to torment.
Your stone body is resilient. (AC +10)
You are immune to poison.
Your large and strong wings let you fly indefinitely.
You resist negative energy. (rN+)
You are resistant to electric shocks. (rElec)
You can survive without breathing.
You are immune to petrification.
You are immune to rotting.
[Your magical capacity is low. (-10% MP)]
[You are weak. (Str -2)]


Message History

The red very ugly thing is severely wounded.
A deafening chorus of shrieks assaults your mind!
* * * LOW HITPOINT WARNING * * *
The starcursed mass engulfs you but does no damage. x2
You bludgeon the red very ugly thing!!
You kill the red very ugly thing!
Okawaru accepts your kill.
You feel the corruption within you wane somewhat.
You feel more energetic.
You feel stronger.
You feel healthier.
You hear a horrible gurgling sound! x2
A starcursed mass splits.
A deafening chorus of shrieks assaults your mind!
* * * LOW HITPOINT WARNING * * *
You suddenly lose the ability to move!
The starcursed mass engulfs you but does no damage.
The starcursed mass engulfs you!
* * * LOW HITPOINT WARNING * * *
The starcursed mass engulfs you but does no damage. x2
A deafening chorus of shrieks assaults your mind!
You die...

..#..#..
.... ### .
# # .#.#
##..#
##.#. #
##..###..#
#....## )
#
....#XX#X#
.# #.
..##.#X@#.
# #.
.###X##..
..# # X##
u . .# .#
. ... ##
#.. #.


You could see 6 starcursed masses.

Vanquished Creatures
  A very ugly thing (Abyss:4)
  8 hydras
  3 death yaks
  A queen ant (Lair:3)
  The ghost of Aske the Blocker, a novice GrGl of Ashenzari (D:9)
  A wretched star (Abyss:4)
  A large abomination (Abyss:4)
  A lindwurm (Lair:5)
  3 elephants (Lair:5)
  5 black mambas
  An ugly thing (D:10)
  A gargoyle (D:10)
  10 spiny frogs
  5 komodo dragons
  3 rime drakes
  3 trolls
  A polar bear (Lair:6)
  A queen bee (D:9)
  5 hornets
  15 blink frogs
  Grinder (D:6)
  8 hippogriffs
  12 dream sheep
  A fire dragon zombie (Abyss:3)
  Eustachio (D:6)
  13 spriggans
  2 wyverns
  A human (D:7)
  A basilisk (Lair:5)
  43 yaks
  3 hogs (D:7)
  3 wargs (D:7)
  Edmund (D:6)
  3 nagas (Lair:4)
  5 soldier ants (Lair:3)
  6 water moccasins
  6 ice beasts
  5 orc warriors
  7 porcupines
  4 sky beasts
  8 black bears
  A small abomination (Abyss:4)
  A centaur (D:8)
  5 boggarts
  32 wolves
  5 ogres
  A big kobold (D:9)
  7 crocodiles
  16 bullfrogs
  6 scorpions
  12 killer bees
  A vampire bat (Lair:4)
  2 howler monkeys
  3 crimson imps
  2 jellies
  2 centaur skeletons
  A bullfrog zombie (D:8)
  11 orc priests
  4 hounds
  Crazy Yiuf (D:2)
  A bullfrog skeleton (D:9)
  2 iguanas
  Natasha (thrice) (D:2)
  15 orc wizards
  7 hell rats (Lair:1)
  11 worker ants
  A hound skeleton (D:8)
  A worker ant zombie (D:3)
  A howler monkey zombie (D:11)
  20 adders
  11 gnolls
  6 river rats (Lair:1)
  5 shadow imps
  An ooze (D:7)
  An adder zombie (D:8)
  3 adder skeletons
  A worm (D:2)
  4 dart slugs
  4 leopard geckos
  43 orcs
  17 bats
  5 giant cockroaches
  2 goblins (D:1)
  10 hobgoblins
  4 jackals (D:4)
  13 kobolds
  A quokka (D:8)
  3 frilled lizards
  A leopard gecko skeleton (D:4)
  12 rats
  3 fungi (D:6)
  2 plants
531 creatures vanquished.

Vanquished Creatures (others)
  7 fungi
  9 plants
  4 starspawn tentacles (Abyss:3)
20 creatures vanquished.

Grand Total: 551 creatures vanquished

Notes
Turn   | Place    | Note
-------+----------+-------------------------------------------
     0 | D:1      | schauveau the Gargoyle Fighter began the quest for the Orb.
     0 | D:1      | Reached XP level 1. HP: 14/14 MP: 1/1
    58 | D:1      | Reached XP level 2. HP: 17/19 MP: 2/2
   388 | D:1      | Reached XP level 3. HP: 24/24 MP: 3/3
   957 | D:4      | Found a staircase to the Ecumenical Temple.
   962 | Temple   | Entered the Ecumenical Temple
   997 | Temple   | Became a worshipper of Warmaster Okawaru
  1548 | D:2      | Reached skill level 3 in Maces & Flails
  1550 | D:2      | Found a glowing silver altar of Zin.
  1559 | D:2      | Reached XP level 4. HP: 29/29 MP: 4/4
  1662 | D:2      | Noticed Natasha
  1664 | D:2      | Killed Natasha
  1745 | D:2      | Found a runed translucent door.
  1746 | D:2      | Noticed Crazy Yiuf
  2078 | D:2      | Reached XP level 5. HP: 29/33 MP: 5/5
  2377 | D:2      | Noticed Natasha
  2382 | D:2      | Killed Natasha
  2389 | D:2      | Noticed Natasha
  2406 | D:2      | Killed Natasha
  2406 | D:2      | Reached skill level 4 in Maces & Flails
  2615 | D:2      | Killed Crazy Yiuf
  2822 | D:3      | Reached XP level 6. HP: 38/38 MP: 6/6
  3273 | D:4      | Reached skill level 5 in Armour
  3281 | D:4      | Reached * piety under Okawaru
  3631 | D:4      | Found Xobumpom's Magic Scroll Shoppe.
  3637 | D:4      | Bought a scroll of identify for 24 gold pieces
  3637 | D:4      | Bought a scroll of enchant weapon for 90 gold pieces
  3637 | D:4      | Bought a scroll of remove curse for 36 gold pieces
  3722 | D:5      | Entered Level 5 of the Dungeon
  3722 | D:5      | Noticed a sky beast
  3772 | D:5      | Killed a sky beast
  3772 | D:5      | Reached skill level 5 in Maces & Flails
  3772 | D:5      | Reached XP level 7. HP: 44/44 MP: 7/7
  4004 | D:4      | Reached ** piety under Okawaru
  4163 | D:5      | Found a blossoming altar of Fedhas.
  4422 | D:5      | Reached skill level 6 in Maces & Flails
  4631 | D:6      | Reached skill level 5 in Fighting
  4637 | D:6      | Reached skill level 1 in Dodging
  4642 | D:6      | Reached XP level 8. HP: 22/49 MP: 8/8
  4713 | D:6      | Noticed Grinder
  4735 | D:6      | Killed Grinder
  4735 | D:6      | Reached skill level 7 in Maces & Flails
  4771 | D:6      | Reached *** piety under Okawaru
  4891 | D:6      | Noticed Eustachio
  4899 | D:6      | Killed Eustachio
  4916 | D:6      | Reached skill level 8 in Maces & Flails
  5058 | D:6      | Noticed Edmund
  5080 | D:6      | Killed Edmund
  5080 | D:6      | Reached XP level 9. HP: 50/55 MP: 9/9
  5542 | D:6      | Found the +7 Singing Sword {slice, sonic wave}
  6099 | D:7      | Reached skill level 9 in Maces & Flails
  6114 | D:7      | Reached **** piety under Okawaru
  6438 | D:7      | Reached skill level 10 in Maces & Flails
  6604 | D:7      | Reached XP level 10. HP: 33/63 MP: 10/10
  6783 | D:8      | Found a staircase to the Lair.
  7245 | D:8      | Reached skill level 1 in Stealth
  7623 | D:8      | Found a runed translucent gate.
  7623 | D:8      | Found a runed translucent gate.
  7625 | D:8      | Found a runed translucent gate.
  7625 | D:8      | Noticed an 11-headed hydra
  7625 | D:8      | Noticed schauveau's ghost (novice MiMo)
  7979 | D:8      | Reached skill level 11 in Maces & Flails
  8030 | D:8      | Reached ***** piety under Okawaru
  8548 | Lair:1   | Entered Level 1 of the Lair of Beasts
  8603 | Lair:1   | Noticed a black mamba
  8617 | Lair:1   | Killed a black mamba
  9011 | Lair:1   | Noticed a seven-headed hydra
  9033 | Lair:1   | Killed a seven-headed hydra
  9033 | Lair:1   | Received a gift from Okawaru
  9033 | Lair:1   | Reached XP level 11. HP: 17/68 MP: 9/11
  9359 | Lair:1   | Reached skill level 10 in Armour
  9504 | Lair:1   | Noticed Sonja
  9937 | D:9      | Noticed a six-headed hydra
  9941 | D:9      | Reached skill level 12 in Maces & Flails
  9948 | D:9      | Killed a six-headed hydra
 10013 | D:9      | Found a transporter.
 10014 | D:9      | Found a transporter.
 10018 | D:9      | Noticed Aske's ghost (novice GrGl)
 10226 | D:9      | Killed Aske's ghost
 11157 | D:9      | Reached skill level 13 in Maces & Flails
 11279 | D:10     | Entered Level 10 of the Dungeon
 11460 | D:10     | Received a gift from Okawaru
 11979 | D:10     | Found a runed translucent gate.
 11980 | D:10     | Found a runed translucent gate.
 11981 | D:10     | Found a runed translucent gate.
 11982 | D:10     | Found an opulent altar of Gozag.
 11983 | D:10     | Noticed Aske's ghost (journeyman GrGl)
 11983 | D:10     | Noticed a cyclops
 11986 | D:10     | Noticed a yaktaur captain
 12165 | D:11     | Noticed an eight-headed hydra
 12168 | D:11     | Noticed a white ugly thing
 12342 | D:10     | Killed a white ugly thing
 12517 | D:11     | Reached XP level 12. HP: 65/77 MP: 12/12
 12675 | D:11     | Killed an eight-headed hydra
 13031 | Lair:1   | Cast into level 1 of the Abyss (Sonja)
 13064 | Abyss:1  | Noticed a thrashing horror
 13072 | Abyss:2  | Found a corrupted altar of Lugonu.
 13107 | Abyss:3  | Reached skill level 10 in Fighting
 13114 | Abyss:3  | Noticed a tentacled starspawn
 13130 | Abyss:3  | Noticed a starcursed mass
 13167 | Abyss:3  | Noticed a hell knight
 13182 | Abyss:3  | Noticed a thrashing horror
 13185 | Lair:1   | Escaped the Abyss
 14525 | Lair:3   | Received a gift from Okawaru
 14525 | Lair:3   | Reached skill level 14 in Maces & Flails
 14534 | Lair:3   | Identified a +0 pair of boots of running (Okawaru gifted it
                  | to you on level 3 of the Lair of Beasts)
 14838 | Lair:3   | Noticed a seven-headed hydra
 14850 | Lair:3   | Killed a seven-headed hydra
 15257 | Lair:3   | Noticed a queen ant
 15265 | Lair:3   | Killed a queen ant
 15776 | Lair:4   | Found a staircase to the Snake Pit.
 15861 | Lair:4   | Reached XP level 13. HP: 73/84 MP: 13/13
 15975 | Lair:4   | Reached skill level 15 in Maces & Flails
 16059 | Lair:4   | Found a staircase to the Swamp.
 16390 | Lair:5   | Reached ****** piety under Okawaru
 17443 | Lair:6   | Entered Level 6 of the Lair of Beasts
 17472 | Lair:6   | Found a staircase to the Slime Pits.
 17472 | Lair:6   | Found a viscous altar of Jiyva.
 17572 | Lair:5   | Received a gift from Okawaru
 18048 | Lair:6   | Reached skill level 16 in Maces & Flails
 18129 | Lair:6   | Received a gift from Okawaru
 18471 | Lair:6   | Gained mutation: Your large and strong wings let you fly
                  | indefinitely. [Gargoyle growth]
 18471 | Lair:6   | Reached XP level 14. HP: 73/92 MP: 14/14
 19505 | Lair:6   | Received a gift from Okawaru
 19506 | Lair:6   | Got a crude ring mail {god gift}
 20634 | Lair:1   | Cast into level 2 of the Abyss (Sonja)
 20763 | Abyss:4  | Noticed a red very ugly thing
 20764 | Abyss:4  | Noticed a starcursed mass
 20784 | Abyss:4  | Killed a red very ugly thing
 20784 | Abyss:4  | Paralysed by accursed screaming for 1 turns
 20785 | Abyss:4  | Killed from afar by a starcursed mass

Skill      XL: |  1  2  3  4  5  6  7  8  9 10 11 12 13 14 |
---------------+-------------------------------------------+-----
Fighting       | 4 5 6 7 8 9 11 12 13 | 13.0
Maces & Flails | 3 4 5 6 8 10 11 13 14 16 | 16.9
Armour         | 4 5 6 7 8 9 10 12 13 | 13.7
Dodging        | 1 2 |  2.4
Stealth        | 2 |  2.1
Shields        | |  3.2
Invocations    | |  0.1

Action                   |  1- 3 |  4- 6 |  7- 9 | 10-12 | 13-15 || total
-------------------------+-------+-------+-------+-------+-------++-------
Melee: Flail             |    89 |       |   262 |   331 |       ||   682
       Whip              |    16 |   246 |   136 |       |       ||   398
       Great mace        |       |       |       |   559 |   592 ||  1151
 Fire: Hand crossbow     |       |       |       |     4 |       ||     4
Invok: Heroism           |       |       |       |     1 |       ||     1
  Use: Scroll            |       |     4 |     8 |    20 |     9 ||    41
       Potion            |       |       |     3 |     5 |     2 ||    10
  Eat: Ration            |     1 |       |     1 |     8 |     3 ||    13
       Chunk             |       |     6 |     6 |     5 |     5 ||    22
Armor: Scale mail        |    64 |    11 |       |       |       ||    75
       Chain mail        |       |   139 |   237 |    55 |       ||   431
       Plate armour      |       |       |       |  1042 |   948 ||  1990
Dodge: Dodged            |    47 |    70 |   135 |   495 |   461 ||  1208
Block: Shield            |     3 |       |       |       |       ||     3
       Buckler           |       |    36 |    66 |    56 |       ||   158
